 Dungeon Crawl Stone Soup version 0.24.0-1-gfbc8707 (webtiles) character file.

Game seed: 9334288521820269680, levelgen mode: deterministic

367836 Illumine the Peltast (level 22, -2/151 HPs)
             Began as a Gargoyle Fighter on Nov 3, 2019.
             Was the Champion of Ru.
             Killed from afar by a tentacled monstrosity (5 damage)
             ... with an exploding inner flame
             ... hexed by the player character
             ... on level 5 of the Vaults.
             The game lasted 02:14:57 (42216 turns).

Illumine the Peltast (Gargoyle Fighter)            Turns: 42216, Time: 02:14:58

Health: -2/151     AC: 60    Str: 35 (36) XL:     22   Next: 59%
Magic:  17/21      EV:  5    Int:  5 (6)  God:    Ru [******]
Gold:   2064       SH: 26    Dex: 19      Spells: 21/21 levels left

rFire    + + +     SeeInvis +   H - +8 demon whip (drain)
rCold    . . .     Gourm    .   i - +1 large shield {rC+}
rNeg     + + .     Faith    .   Z - +9 plate armour "Opnio" {-Tele Str+3 Dex+5}
rPois    ∞         Spirit   .   Q - +2 helmet "Awagiv" {rElec rF+}
rElec    +         Reflect  .   y - +2 cloak
rCorr    .         Harm     .   R - +2 pair of gloves {Dex+3}
MR       +++++     Clarity  +   X - +2 pair of boots {Fly} Stlth ..........NoTele +
                                m - amulet of the Four Winds {rN+ MR+++ Clar}
HPRegen  0.35/turn              K - ring of the Illusory Emperors {rF+ MR+ Str+7}
MPRegen  0.17/turn              M - ring "Losum" {Fire +Blink +Fly Int-3 SInv}

@: exhausted, constricted, lightly drained
A: big wings, deterioration 1, dopey 1, low mp 2, negative energy resistance 1,
electricity resistance, unbreathing, petrification resistance, no potion heal 1,
rot immunity, no stealth, hated by all, inability to train dodging, no air
magic, no charms magic, no transmutations magic, disrupted magic 1, AC +16
}: 2/15 runes: barnacled, gossamer
a: Fly, Draw Out Power, Power Leap, Apocalypse, Renounce Religion, Evoke Blink,
Evoke Flight


You were on level 5 of the Vaults.
You worshipped Ru.
Ru was exalted by your worship.
You were not hungry.

You visited 8 branches of the dungeon, and saw 40 of its levels.
You visited the Abyss 1 time.
You visited 1 bazaar.
You also visited: Bailey, Gauntlet, Ice Cave and Wizlab.

You collected 4521 gold pieces.
You spent 2457 gold pieces at shops.

Inventory:

Hand Weapons
 a - a +0 demon whip
 b - a +0 antimagic flail
 h - a +2 morningstar of holy wrath
 H - a +8 demon whip of draining (weapon)
Missiles
 C - 72 boomerangs (quivered)
 J - 11 silver boomerangs
 L - 33 atropa-tipped darts
 O - 7 throwing nets
Armour
 i - a +1 large shield of cold resistance (worn)
 y - a +2 cloak (worn)
 Q - the +2 helmet "Awagiv" (worn) {rElec rF+}
   (You found it in a Gauntlet)

   It protects you from fire.
   It insulates you from electricity.
 R - a +2 pair of gloves of dexterity (worn)
 X - a +2 pair of boots of flying (worn)
 Z - the +9 plate armour "Opnio" (worn) {-Tele Str+3 Dex+5}
   (You found it on level 6 of the Lair of Beasts)

   It affects your strength (+3).
   It affects your dexterity (+5).
   It prevents most forms of teleportation.
Jewellery
 m - the amulet of the Four Winds (around neck) {rN+ MR+++ Clar}
   (You bought it in a shop on level 2 of the Elven Halls)

   [amulet of nothing]

   It protects you from negative energy.
   It affects your resistance to hostile enchantments.
   It protects you against confusion.
 E - the ring of Moral Flaws {Ice rN+ Dex+3}
   (You found it in a Gauntlet)

   [ring of ice]

   It enhances your ice magic.
   It affects your dexterity (+3).
   It makes you vulnerable to fire.
   It protects you from cold.
   It protects you from negative energy.
 G - an uncursed ring of protection from cold
 I - an uncursed ring of protection from fire
 K - the ring of the Illusory Emperors (left hand) {rF+ MR+ Str+7}
   (You took it off a deep elf annihilator on level 3 of the Elven Halls)

   [ring of protection from magic]

   It affects your strength (+7).
   It protects you from fire.
   It affects your resistance to hostile enchantments.
 M - the ring "Losum" (right hand) {Fire +Blink +Fly Int-3 SInv}
   (You acquired it on level 12 of the Dungeon)

   [ring of fire]

   It enhances your fire magic.
   It affects your intelligence (-3).
   It protects you from fire.
   It makes you vulnerable to cold.
   It lets you see invisible.
   It lets you fly.
   It lets you blink.
 S - an uncursed amulet of magic regeneration
Wands
 l - a wand of digging (13)
 q - a wand of polymorph (15)
 u - a wand of disintegration (23)
 U - a wand of acid (13)
 V - a wand of scattershot (9)
 Y - a wand of iceblast (53)
Scrolls
 d - 17 scrolls of teleportation
 e - 2 scrolls of fear
 k - 2 scrolls of magic mapping
 s - 11 scrolls of remove curse
 t - 4 scrolls of immolation
 v - 3 scrolls of blinking
 w - a scroll of holy word
 x - a scroll of vulnerability
 z - 18 scrolls of identify
 A - 5 scrolls of fog
 N - a scroll of silence
Potions
 c - a potion of haste
 g - a potion of invisibility
 j - 8 potions of heal wounds
 o - 3 potions of might
 p - a potion of magic
 r - 20 potions of curing
 B - a potion of agility
 D - 5 potions of mutation
 F - 4 potions of ambrosia
 P - a potion of resistance
 T - a potion of berserk rage
 W - 3 potions of cancellation
Miscellaneous
 n - a phial of floods
Comestibles
 f - 50 rations


   Skills:
 + Level 19.7(19.4) Fighting
 - Level 14.0(13.7) Maces & Flails
 - Level 14.1(13.8) Throwing
 + Level 19.7(19.4) Armour
 + Level 19.9(19.6) Shields
 - Level 7.0(6.7) Evocations


You had 21 spell levels left.
You didn't know any spells.
Your spell library contained the following spells:

 Spells                   Type           Power        Failure   Level  Hunger
 Apportation              Tloc           #.....       99%         1    ##.....
 Confusing Touch          Hex            #.....       99%         1    ##.....
 Corona                   Hex            #......      99%         1    ##.....
 Flame Tongue             Conj/Fire      #....        99%         1    ##.....
 Sting                    Conj/Pois      #...         99%         1    ##.....
 Blink                    Tloc           N/A          100%        2    ###....
 Ensorcelled Hibernation  Hex/Ice        #.....       100%        2    ###....
 Slow                     Hex            #.......     100%        2    ###....
 Throw Flame              Conj/Fire      #.....       100%        2    ###....
 Confuse                  Hex            #.......     100%        3    ####...
 Conjure Flame            Conj/Fire      #.......     100%        3    ####...
 Dazzling Spray           Conj/Hex       #.....       100%        3    ####...
 Gell's Gravitas          Tloc           #.........   100%        3    ####...
 Inner Flame              Hex/Fire       #.......     100%        3    ####...
 Lesser Beckoning         Tloc           #.........   100%        3    ####...
 Portal Projectile        Hex/Tloc       #.....       100%        3    ####...
 Teleport Other           Tloc           #.......     100%        3    ####...
 Tukima's Dance           Hex            #.......     100%        3    ####...
 Cause Fear               Hex            #.........   100%        4    #####..
 Leda's Liquefaction      Hex/Erth       #.........   100%        4    #####..
 Passage of Golubria      Tloc           N/A          100%        4    #####..
 Sticky Flame             Conj/Fire      #.......     100%        4    #####..
 Fireball                 Conj/Fire      #.........   100%        5    ######.
 Metabolic Englaciation   Hex/Ice        #.........   100%        5    ######.
 Invisibility             Hex            #.......     100%        6    #######
 Borgnjor's Revivificati  Necr           #.........   100%        8    #######
 Ignition                 Fire           #.........   100%        8    #######
 Shatter                  Erth           #.........   100%        9    #######
 Animate Skeleton         Necr           Unusable     N/A         1    N/A
 Beastly Appendage        Tmut           Unusable     N/A         1    N/A
 Infusion                 Chrm           Unusable     N/A         1    N/A
 Summon Butterflies       Summ           Unusable     N/A         1    N/A
 Summon Small Mammal      Summ           Unusable     N/A         1    N/A
 Poisonous Vapours        Pois/Air       Unusable     N/A         2    N/A
 Shroud of Golubria       Chrm/Tloc      Unusable     N/A         2    N/A
 Song of Slaying          Chrm           Unusable     N/A         2    N/A
 Sticks to Snakes         Tmut           Unusable     N/A         2    N/A
 Call Canine Familiar     Summ           Unusable     N/A         3    N/A
 Spider Form              Tmut/Pois      Unusable     N/A         3    N/A
 Static Discharge         Conj/Air       Unusable     N/A         3    N/A
 Ice Form                 Ice/Tmut       Unusable     N/A         4    N/A
 Petrify                  Tmut/Erth      Unusable     N/A         4    N/A
 Alistair's Intoxication  Tmut/Pois      Unusable     N/A         5    N/A
 Blade Hands              Tmut           Unusable     N/A         5    N/A
 Excruciating Wounds      Chrm/Necr      Unusable     N/A         5    N/A
 Iskenderun's Battlesphe  Conj/Chrm      Unusable     N/A         5    N/A
 Lightning Bolt           Conj/Air       Unusable     N/A         5    N/A
 Summon Forest            Summ/Tloc      Unusable     N/A         5    N/A
 Yara's Violent Unravell  Hex/Tmut       Unusable     N/A         5    N/A
 Deflect Missiles         Chrm/Air       Unusable     N/A         6    N/A
 Haunt                    Necr/Summ      Unusable     N/A         7    N/A
 Malign Gateway           Summ/Tloc      Unusable     N/A         7    N/A
 Death's Door             Chrm/Necr      Unusable     N/A         8    N/A
 Infestation              Necr           Unusable     N/A         8    N/A
 Necromutation            Tmut/Necr      Unusable     N/A         8    N/A
 Tornado                  Air            Unusable     N/A         9    N/A

Dungeon Overview and Level Annotations

Branches:
Dungeon (15/15)            Temple (1/1) D:6            Lair (6/6) D:10
 Shoals (4/4) Lair:2       Spider (4/4) Lair:3        Slime (0/5) Lair:6
    Orc (2/2) D:9             Elf (3/3) Orc:2        Vaults (5/5) D:14
  Crypt (0/3) Vaults:2     Depths (0/5) D:15         Bailey (visited)
  IceCv (visited)          WizLab (visited)         Gauntlet (visited)

Altars:
Ashenzari
Cheibriados
Dithmenos
Elyvilon
Fedhas
Gozag
Hepliaklqana
Kikubaaqudgha
Makhleb
Nemelex Xobeh
Okawaru
Qazlal
Ru
Sif Muna
Trog
Uskayaw
Vehumet
Wu Jian
Xom
Yredelemnul
Zin
The Shining One
Beogh
Jiyva

Shops:
D:7 !   Orc:2 ****   Elf:1 :   Elf:2 =}=   Vaults:2 :   Vaults:3 ?

Annotations:
D:10 3 runed translucent doors, Caerwyn's ghost, journeyman GnFi
Lair:1 exclusion: oklob plant
Lair:5 1 runed translucent door
Orc:2 3 runed translucent doors, edsrzf's ghost, journeyman FoNe


Innate Abilities, Weirdness & Mutations

You are resistant to torment.
Your stone body is resilient. (AC +16)
You are immune to poison.
Your large and strong wings let you fly indefinitely.
You are dopey. (Int -2)
Your magical capacity is very low. (-20% MP)
You resist negative energy. (rN+)
You are resistant to electric shocks. (rElec)
You can survive without breathing.
You are immune to petrification.
Potions are less effective at restoring your health.
You are immune to rotting.
You cannot be stealthy.
You are hated by all.
You cannot train Dodging skill.
You cannot study or cast Air magic.
You cannot study or cast Charms magic.
You cannot study or cast Transmutations magic.
Your casting is slightly disrupted.
Your body sometimes deteriorates upon taking damage.


Message History

You are engulfed in blazing flames.
You resist.
The tentacled monstrosity is engulfed in blazing flames.
You block the tentacled monstrosity's attack. x2
The tentacled monstrosity tentacle-slaps you but does no damage.
The tentacled monstrosity grabs you.
You stop ascending the stairs.
The tentacled monstrosity constricts you.
The vault guard is engulfed in blazing flames.
The vault guard hits you but does no damage.
A shadow dragon comes into view.
The ettin hits you with a +0 dire flail.
* * * LOW HITPOINT WARNING * * *
The ettin hits you but does no damage. The ancient lich casts a spell at you.
The lance of force hits you!!
* * * LOW HITPOINT WARNING * * *
You are knocked back by the lance of force.
You collide with the tentacled monstrosity!
The tentacled monstrosity explodes!
The fiery explosion engulfs you. You resist.
You die...

.. #....# .
.###....#D#
#..#....#.##
(..........
#####.%[.(...##
%..(..§§.......
.%)..☼CX<<[....
...%[§§@L§<....
..%.§§p§☼§..%..
##)#§§§§§[.).##
%.§§§p%...)#
.....%.....##+.
.))%.p#....# )
#X.%.......#
.#....#....#


You could see a shadow dragon, 2 tentacled monstrosities, an ancient lich
(invisible), 2 vault guards, an ettin (inner flame) and a hell knight.

Vanquished Creatures
  Margery (Vaults:2)
  A bone dragon (Abyss:2)
  A tentacled monstrosity (Vaults:4)
  A deep elf master archer (Elf:3)
  A quicksilver dragon (Vaults:5)
  3 deep elf blademasters
  5 sphinxes
  2 ancient champions (WizLab)
  A tentacled starspawn (Abyss:2)
  A storm dragon (Vaults:3)
  Donald (Vaults:3)
  2 fire giants
  8 vault wardens
  2 shadow dragons
  A frost giant (Vaults:5)
  4 ghost moths
  A ghost moth (shapeshifter) (Elf:3)
  8 deep elf sorcerers
  8 emperor scorpions
  6 ironheart preservers
  6 deep elf elementalists
  A very ugly thing (Vaults:5)
  10 stone giants
  4 entropy weavers
  4 deep elf demonologists
  A green draconian (Abyss:2)
  12 deep elf annihilators
  2 spark wasps
  Snorg (Orc:1)
  An ettin (Orc:1)
  5 deep elf death magi
  A minotaur (Gauntlet)
  5 merfolk impalers
  2 fire dragons
  2 merfolk javelineers (Shoals:4)
  7 deep elf high priests (Elf:3)
  6 yaktaur captains
  2 great orbs of eyes
  2 ice dragons (Vaults:4)
  A rakshasa (Vaults:1)
  Fannar (Lair:1)
  32 vault guards
  7 death knights
  2 merfolk avatars (Shoals:4)
  11 hydras
  5 merfolk aquamancers
  8 centaur warriors
  A satyr (Shoals:4)
  39 two-headed ogres
  2 catoblepae
  2 alligator snapping turtles (Shoals:4)
  3 death yaks (Lair:6)
  11 ogre magi
  21 dancing weapons
  A tengu warrior (D:14)
  2 orc high priests
  A hell hog (Abyss:2)
  Urug (Lair:5)
  2 thrashing horrors (Abyss:2)
  2 iron trolls (D:9)
  13 deep elf knights
  A fire crab (Lair:4)
  6 hell knights
  12 skeletal warriors
  3 flayed ghosts
  A glowing orange brain (Abyss:2)
  2 sea snakes (Shoals:4)
  2 deep trolls
  A kraken simulacrum (Shoals:4)
  2 wizards (D:14)
  24 deep elf archers
  A lindwurm (Lair:6)
  7 necromancers
  4 phantasmal warriors
  An orange crystal statue (Gauntlet)
  5 ironbrand convokers
  10 orc knights
  7 harpies
  5 orc sorcerers
  26 wolf spiders
  10 orb spiders
  19 ugly things
  5 cyclopes
  5 manticores (Shoals:4)
  6 fauns
  40 deep elf magi
  A moth of wrath (Spider:3)
  A worldbinder (Abyss:2)
  7 elephants
  4 merfolk sirens
  8 black mambas
  An apocalypse crab (Abyss:2)
  An ice statue (IceCv)
  6 gargoyles
  2 water nymphs
  13 vault sentinels
  A torpor snail (Spider:4)
  A torpor snail (shapeshifter) (Vaults:4)
  12 spiny frogs
  A spiny frog (shapeshifter) (D:15)
  An orc skeleton (Vaults:1)
  2 rime drakes (Lair:6)
  7 large abominations (Abyss:2)
  14 komodo dragons
  18 yaktaurs
  A kobold demonologist (D:14)
  12 demonic crawlers
  A yaktaur (shapeshifter) (Vaults:3)
  An ancient zyme (Abyss:2)
  18 freezing wraiths
  2 efreet
  A human skeleton (Vaults:1)
  A rime drake (shapeshifter) (Vaults:5)
  A queen bee (shapeshifter) (Vaults:2)
  11 merfolk
  A tengu conjurer (D:13)
  21 jumping spiders
  9 polar bears (Lair:6)
  10 trolls
  A polar bear (shapeshifter) (Elf:2)
  A queen bee (Spider:3)
  A tengu simulacrum (Vaults:1)
  3 meliai (Spider:3)
  2 wind drakes (shapeshifter)
  17 hornets
  A hornet (shapeshifter) (Vaults:4)
  9 raiju
  Grinder (D:3)
  3 wind drakes (Shoals:4)
  3 dream sheep (Lair:6)
  A meliai zombie (D:12)
  5 snapping turtles
  5 blink frogs
  16 hippogriffs
  26 slime creatures
  4 small abominations (Abyss:2)
  2 shadows
  An air elemental (Elf:3)
  A redback (shapeshifter) (Vaults:4)
  15 water elementals
  10 wraiths
  23 tarantellas
  55 redbacks
  4 vampires
  7 wyverns
  A ynoxinul (Abyss:2)
  45 yaks
  7 basilisks
  A hog (shapeshifter) (D:14)
  16 humans (D:14)
  A death yak simulacrum (IceCv)
  3 fire elementals
  2 neqoxecs (Abyss:2)
  2 hungry ghosts
  14 wargs
  2 acid dragons
  5 two-headed ogre zombies (WizLab)
  2 soldier ants (shapeshifter)
  Duvessa (D:7)
  14 hell hounds (Lair:6)
  14 water moccasins
  5 porcupines
  An ogre skeleton (Vaults:1)
  A hornet zombie (D:5)
  50 orc warriors
  5 sky beasts
  14 black bears
  2 eyes of draining
  8 ice beasts
  A human zombie (Vaults:1)
  4 phantoms
  2 necrophages
  A tengu (shapeshifter) (Vaults:4)
  35 ogres
  3 boggarts (Vaults:1)
  17 wolves
  36 centaurs
  9 crocodiles
  Blork the orc (D:4)
  2 big kobolds
  12 bullfrogs
  3 earth elementals
  A wyvern skeleton (D:14)
  4 scorpions
  Dowan (D:7)
  11 killer bees (Spider:3)
  6 troll zombies (WizLab)
  An elephant simulacrum (IceCv)
  9 wights (WizLab)
  3 electric eels
  3 howler monkeys
  A bullfrog zombie (D:6)
  2 centaur zombies
  5 crimson imps
  2 quasits
  A human simulacrum (Vaults:1)
  2 jellies
  2 draconian simulacra (IceCv)
  A bullfrog skeleton (D:13)
  5 hounds
  21 orc wizards
  16 orc priests
  3 centaur skeletons
  11 iguanas
  6 troll simulacra (IceCv)
  A hell rat (Lair:6)
  3 spriggan simulacra (IceCv)
  9 worker ants
  2 polar bear simulacra (IceCv)
  4 centaur simulacra (IceCv)
  2 ogre zombies (WizLab)
  2 hound zombies
  A howler monkey zombie (D:5)
  21 gnolls
  A howler monkey skeleton (D:9)
  4 naga simulacra (IceCv)
  18 adders
  An ogre simulacrum (IceCv)
  4 shadow imps
  13 white imps
  An ooze (D:2)
  3 adder skeletons
  3 worms
  A leopard gecko (D:3)
  96 orcs
  3 giant cockroaches
  12 goblins
  18 hobgoblins
  8 jackals
  29 kobolds
  5 quokkas
  2 ball pythons
  8 bats
  A frilled lizard (D:2)
  A leopard gecko zombie (D:5)
  3 rats
1652 creatures vanquished.

Vanquished Creatures (others)
  An ancient lich (WizLab)
  A fire giant (D:15)
  A stone giant (Vaults:4)
  A hydra (Lair:6)
  A dancing weapon (Elf:2)
  2 deep elf knights
  A sea snake (Shoals:1)
  2 ironbrand convokers
  2 ugly things
  A deep elf mage (Vaults:4)
  2 yaktaurs
  2 demonic crawlers
  A merfolk (Shoals:4)
  A hornet (Spider:4)
  A polar bear (Lair:6)
  A hippogriff (D:10)
  2 yaks (Lair:6)
  2 redbacks (Spider:1)
  A vampire (WizLab)
  A water elemental (Elf:3)
  A human (D:14)
  A large abomination (Abyss:2)
  3 orc warriors (Orc:2)
  A wolf (Lair:6)
  2 ogres
  4 orcs
  A kobold (D:9)
  A bush (Lair:4)
  3 demonic plants (Gauntlet)
  4 fungi
  2 lurking horrors (Abyss:2)
  19 plants
  2 starspawn tentacles (Abyss:2)
  6 tentacles (Shoals:4)
  6 toadstools (Lair:5)
83 creatures vanquished.

Grand Total: 1735 creatures vanquished

Notes
Turn   | Place    | Note
-------+----------+-------------------------------------------
     0 | D:1      | Illumine the Gargoyle Fighter began the quest for the Orb.
     0 | D:1      | Reached XP level 1. HP: 14/14 MP: 1/1
   165 | D:1      | Reached XP level 2. HP: 18/19 MP: 2/2
   497 | D:1      | Reached XP level 3. HP: 23/23 MP: 3/3
   695 | D:2      | Reached XP level 4. HP: 23/28 MP: 4/4
  1223 | D:3      | Reached XP level 5. HP: 16/33 MP: 5/5
  1426 | D:3      | Found a blossoming altar of Fedhas.
  1527 | D:4      | Noticed Grinder
  1600 | D:4      | Noticed an ogre
  1628 | D:3      | Reached skill level 1 in Dodging
  1794 | D:2      | Reached XP level 6. HP: 38/38 MP: 6/6
  2341 | D:3      | Found an opulent altar of Gozag.
  2341 | D:3      | Found a sparkling altar of Nemelex Xobeh.
  2341 | D:3      | Found a hide-covered altar of Uskayaw.
  2487 | D:4      | Paralysed by Grinder for 3 turns
  2524 | D:3      | Paralysed by Grinder for 3 turns
  2631 | D:5      | Entered Level 5 of the Dungeon
  2632 | D:5      | Noticed a necrophage
  2638 | D:5      | Reached skill level 5 in Shields
  2645 | D:5      | Killed a necrophage
  2645 | D:5      | Reached XP level 7. HP: 39/44 MP: 7/7
  3297 | D:6      | Found a staircase to the Ecumenical Temple.
  3303 | Temple   | Entered the Ecumenical Temple
  3426 | Temple   | Became a worshipper of Ru the Awakened
  3461 | D:6      | Reached skill level 5 in Maces & Flails
  3461 | D:6      | Reached skill level 5 in Armour
  3494 | D:6      | Reached XP level 8. HP: 39/48 MP: 8/8
  3530 | D:6      | Reached skill level 5 in Fighting
  4322 | D:6      | Found a burning altar of Makhleb.
  4564 | D:7      | Noticed a hippogriff
  4574 | D:7      | Killed a hippogriff
  4574 | D:7      | Reached XP level 9. HP: 52/55 MP: 9/9
  4608 | D:7      | Found Liemetzi's Distillery.
  4632 | D:7      | Found a flagged portal.
  4653 | Bailey   | Entered a bailey
  5379 | D:7      | Reached skill level 1 in Throwing
  5505 | D:7      | Noticed Dowan
  5520 | D:7      | Noticed Duvessa
  5521 | D:7      | Killed Dowan
  5536 | D:7      | Killed Duvessa
  5820 | D:8      | Gained mutation: You are hated by all. [Ru sacrifice]
  5820 | D:8      | Reached * piety under Ru
  6016 | D:8      | Reached skill level 5 in Dodging
  6016 | D:8      | Reached XP level 10. HP: 64/64 MP: 10/10
  6177 | D:8      | Found a snail-covered altar of Cheibriados.
  6401 | D:8      | Found a shadowy altar of Dithmenos.
  6595 | D:9      | Reached XP level 11. HP: 68/68 MP: 11/11
  6650 | D:9      | Found a staircase to the Orcish Mines.
  6971 | D:9      | Gained mutation: You are dopey. (Int -2) [Ru sacrifice]
  6971 | D:9      | Reached ** piety under Ru
  7335 | D:4      | Found a stormy altar of Qazlal.
  7384 | D:4      | Noticed Blork the orc
  7394 | D:4      | Killed Blork the orc
  7721 | D:3      | Paralysed by Grinder for 4 turns
  7739 | D:3      | Killed Grinder
  7839 | D:10     | Entered Level 10 of the Dungeon
  7839 | D:10     | Found a runed translucent gate.
  7852 | D:10     | Found a runed translucent gate.
  7853 | D:10     | Found a runed translucent gate.
  7853 | D:10     | Noticed Caerwyn's ghost (journeyman GnFi)
  7908 | D:10     | Reached skill level 10 in Maces & Flails
  7910 | D:10     | Noticed a deep troll
  7922 | D:10     | Killed a deep troll
  7960 | D:10     | Reached skill level 5 in Throwing
  8154 | D:10     | Noticed an iron troll
  8154 | D:10     | Noticed a deep troll
  8154 | D:10     | Noticed an iron troll
  8438 | D:9      | Killed a deep troll
  8451 | D:9      | Killed an iron troll
  8866 | D:9      | Killed an iron troll
  9244 | D:10     | Found a staircase to the Lair.
  9896 | Lair:1   | Entered Level 1 of the Lair of Beasts
  9948 | Lair:1   | Reached XP level 12. HP: 76/76 MP: 12/12
 10055 | Lair:1   | Gained mutation: Your magical capacity is low. (-10% MP)
                  | [Ru sacrifice]
 10104 | Lair:1   | Noticed Fannar
 10237 | Lair:1   | Killed Fannar
 10888 | Lair:2   | Reached skill level 10 in Shields
 10948 | Lair:2   | Found a staircase to the Shoals.
 11430 | Lair:2   | Reached skill level 10 in Armour
 11439 | Lair:2   | Reached skill level 10 in Fighting
 11967 | Lair:3   | Noticed a seven-headed hydra
 11983 | Lair:3   | Killed a seven-headed hydra
 12001 | Lair:3   | Reached XP level 13. HP: 76/82 MP: 11/11
 12066 | Lair:3   | Gained mutation: You cannot train Dodging skill. [Ru
                  | sacrifice]
 12066 | Lair:3   | Reached *** piety under Ru
 12066 | Lair:3   | Reached **** piety under Ru
 12482 | Lair:3   | Found a hole to the Spider Nest.
 13854 | Lair:4   | Gained mutation: You cannot study or cast Air magic. [Ru
                  | sacrifice]
 13854 | Lair:4   | Gained mutation: You cannot study or cast Transmutations
                  | magic. [Ru sacrifice]
 13854 | Lair:4   | Gained mutation: You cannot study or cast Charms magic. [Ru
                  | sacrifice]
 13854 | Lair:4   | Reached ***** piety under Ru
 14443 | Lair:5   | Noticed Urug
 14456 | Lair:5   | Killed Urug
 14939 | Lair:5   | Found a runed translucent door.
 15071 | Lair:6   | Entered Level 6 of the Lair of Beasts
 15332 | Lair:6   | Gained mutation: Your large and strong wings let you fly
                  | indefinitely. [Gargoyle growth]
 15332 | Lair:6   | Reached XP level 14. HP: 29/90 MP: 12/12
 16042 | Lair:6   | Found a staircase to the Slime Pits.
 16043 | Lair:6   | Found a viscous altar of Jiyva.
 16465 | Lair:6   | Gained mutation: You cannot be stealthy. [Ru sacrifice]
 17371 | Lair:6   | Got an ichor-stained plate armour
 17767 | Orc:1    | Entered Level 1 of the Orcish Mines
 17883 | Orc:1    | Noticed a stone giant
 17901 | Orc:1    | Killed a stone giant
 17945 | Orc:1    | Found a shimmering altar of Xom.
 17948 | Orc:1    | Found a roughly hewn altar of Beogh.
 18061 | Orc:1    | Paralysed by an orc sorcerer for 2 turns
 18629 | Orc:2    | Entered Level 2 of the Orcish Mines
 18735 | Orc:2    | Gained mutation: Your casting is slightly disrupted. [Ru
                  | sacrifice]
 18752 | Orc:2    | Reached XP level 15. HP: 96/96 MP: 13/13
 19190 | Orc:2    | Gained mutation: Your magical capacity is very low. (-20%
                  | MP) [a neqoxec]
 19198 | Orc:2    | Noticed Snorg
 19224 | Orc:1    | Killed Snorg
 19446 | Orc:2    | Found a staircase to the Elven Halls.
 19543 | Orc:2    | Found Dyruz's General Store.
 19543 | Orc:2    | Found Robbaemm's General Store.
 19543 | Orc:2    | Found Nomarr's General Store.
 19546 | Orc:2    | Found Nureuf's General Store.
 19559 | Orc:2    | Bought a scroll of brand weapon for 240 gold pieces
 19564 | Orc:2    | Bought a +2 pair of gloves of dexterity for 236 gold pieces
 19565 | Orc:2    | Bought a scroll of enchant weapon for 120 gold pieces
 19567 | Orc:2    | Bought 2 scrolls of enchant weapon for 240 gold pieces
 19624 | Orc:2    | Found a runed translucent gate.
 19624 | Orc:2    | Found a runed translucent gate.
 19624 | Orc:2    | Found a runed translucent gate.
 19626 | Orc:2    | Found an opulent altar of Gozag.
 19626 | Orc:2    | Noticed edsrzf's ghost (journeyman FoNe)
 19958 | D:11     | Identified the +9 plate armour "Opnio" {-Tele Str+3 Dex+5}
                  | (You found it on level 6 of the Lair of Beasts)
 20553 | D:11     | Gained mutation: Potions are less effective at restoring
                  | your health. [Ru sacrifice]
 20553 | D:11     | Reached ****** piety under Ru
 20983 | D:12     | Found a frozen archway.
 21058 | IceCv    | Entered an ice cave
 21288 | IceCv    | Found an ancient bone altar of Kikubaaqudgha.
 21593 | IceCv    | Reached skill level 1 in Evocations
 21634 | IceCv    | Got a polished hat
 21640 | IceCv    | Identified the cursed +0 hat of the Sunfish {rPois rN+ MR-
                  | Str+2} (You found it in an ice cave)
 21818 | D:12     | Identified a scroll of acquirement
 21820 | D:12     | Got a faintly glowing platinum ring
 21821 | D:12     | Identified the ring "Losum" {Fire +Blink +Fly Int-3 SInv}
                  | (You acquired it on level 12 of the Dungeon)
 22579 | D:13     | Reached skill level 10 in Throwing
 23318 | D:14     | Found a gate to the Vaults.
 23341 | D:14     | Reached XP level 16. HP: 104/104 MP: 10/14
 23630 | D:15     | Entered Level 15 of the Dungeon
 23721 | D:15     | Found a gate leading to a gauntlet.
 23726 | Gauntlet | Entered a Gauntlet
 23726 | Gauntlet | Found a transporter.
 23726 | Gauntlet | Found a transporter.
 23730 | Gauntlet | Found a transporter.
 23732 | Gauntlet | Found a transporter.
 23740 | Gauntlet | Found a transporter.
 23752 | Gauntlet | Found a transporter.
 23753 | Gauntlet | Found the ring of the Octopus King
 23771 | Gauntlet | Found a transporter.
 23807 | Gauntlet | Got a ring of the Octopus King
 23810 | Gauntlet | Found a transporter.
 23811 | Gauntlet | Identified a ring of the Octopus King {AC+1 EV+1 Str+1
                  | Int+1 Dex+1 Stlth+} (You found it in a Gauntlet)
 23813 | Gauntlet | Found a large runed translucent door.
 23814 | Gauntlet | Found a large runed translucent door.
 23815 | Gauntlet | Found a large runed translucent door.
 23815 | Gauntlet | Found a large runed translucent door.
 23815 | Gauntlet | Found a runed translucent door.
 23815 | Gauntlet | Found a runed translucent door.
 23816 | Gauntlet | Found a large runed translucent door.
 23817 | Gauntlet | Found a large runed translucent door.
 23818 | Gauntlet | Found a large runed translucent door.
 23818 | Gauntlet | Found a large runed translucent door.
 23829 | Gauntlet | Found a large runed translucent door.
 23829 | Gauntlet | Found a large runed translucent door.
 23829 | Gauntlet | Found a large runed translucent door.
 23829 | Gauntlet | Found a large runed translucent door.
 23830 | Gauntlet | Found a large runed translucent door.
 23830 | Gauntlet | Found a large runed translucent door.
 23831 | Gauntlet | Found a large runed translucent door.
 23831 | Gauntlet | Found a large runed translucent door.
 23843 | Gauntlet | Found a runed translucent gate.
 23843 | Gauntlet | Found a runed translucent gate.
 23843 | Gauntlet | Found a runed translucent gate.
 23844 | Gauntlet | Found a transporter.
 23882 | Gauntlet | Found a transporter.
 23944 | Gauntlet | Found a transporter.
 23953 | Gauntlet | Found a transporter.
 23963 | Gauntlet | Got a spiked helmet
 23964 | Gauntlet | Identified the +2 helmet "Awagiv" {rElec rF+} (You found it
                  | in a Gauntlet)
 24003 | Gauntlet | Identified Lufethreg's Almanac of Boosts
 24006 | Gauntlet | Got a flickering bone ring
 24007 | Gauntlet | Identified the ring of Moral Flaws {Ice rN+ Dex+3} (You
                  | found it in a Gauntlet)
 24309 | D:15     | Found a staircase to the Depths.
 24624 | Shoals:1 | Entered Level 1 of the Shoals
 24775 | Shoals:4 | Entered Level 4 of the Shoals
 25194 | Shoals:4 | Reached skill level 5 in Evocations
 25493 | Shoals:4 | Got a barnacled rune of Zot
 25507 | Shoals:4 | Found the +3 salamander hide armour {+Rage rF++}
 25762 | Shoals:4 | Reached XP level 17. HP: 111/111 MP: 16/16
 26068 | Spider:1 | Entered Level 1 of the Spider Nest
 27169 | Spider:4 | Entered Level 4 of the Spider Nest
 28133 | Spider:4 | Reached skill level 15 in Shields
 28612 | Spider:4 | Reached skill level 15 in Armour
 28856 | Spider:4 | Reached skill level 15 in Fighting
 28868 | Spider:4 | Reached XP level 18. HP: 109/119 MP: 18/18
 29313 | Spider:4 | Got a gossamer rune of Zot
 29770 | Vaults:1 | Entered Level 1 of the Vaults
 30101 | Vaults:1 | Paralysed by a great orb of eyes for 2 turns
 31468 | Vaults:2 | Found Unyim's Book Boutique.
 31645 | Vaults:2 | Found a magical portal.
 32049 | WizLab   | Noticed an antique lich
 32076 | WizLab   | Killed an antique lich
 32076 | WizLab   | Reached XP level 19. HP: 100/125 MP: 19/19
 32178 | WizLab   | Got a transparent double sword
 32241 | WizLab   | Identified the +6 double sword of the Morning {pain, rF+
                  | Str+3 Int-5} (You found it in a wizard's laboratory)
 32574 | Vaults:2 | Noticed Margery
 32595 | Vaults:2 | Cast into level 2 of the Abyss (hell knight)
 32693 | Abyss:2  | Noticed a bone dragon
 32825 | Abyss:2  | Gained mutation: Your body sometimes deteriorates upon
                  | taking damage. [a neqoxec]
 33150 | Abyss:2  | Noticed a bone dragon
 33189 | Abyss:2  | Killed a bone dragon
 33235 | Vaults:2 | Escaped the Abyss
 33251 | Vaults:2 | Killed Margery
 33591 | Vaults:2 | Found a staircase to the Crypt.
 34338 | Vaults:3 | Found a flickering gateway to a bazaar.
 34352 | Bazaar   | Entered a bazaar
 34352 | Bazaar   | Found Qacheg's Gadget Boutique.
 34352 | Bazaar   | Found Giodiby's Antique Armour Emporium.
 34370 | Bazaar   | Found Ikhledyi's General Store.
 34372 | Bazaar   | Found Dosykeikh's General Store.
 34389 | Bazaar   | Found Zafiat's Jewellery Emporium.
 34413 | Bazaar   | Bought the amulet "Lueskanu" {Faith rC+ rN+ Dex+2 SInv} for
                  | 666 gold pieces
 34427 | Bazaar   | Bought a pair of embroidered boots for 165 gold pieces
 34496 | Vaults:3 | Noticed Donald
 34523 | Vaults:3 | Killed Donald
 34606 | Vaults:3 | Found Poul's Magic Scroll Boutique.
 34757 | Vaults:3 | Reached XP level 20. HP: 127/134 MP: 20/20
 34968 | Vaults:3 | Got a pitted buckler
 34979 | Vaults:3 | Identified the cursed -2 buckler "Vicvid" {Str-3 Int+4
                  | SInv} (You found it on level 3 of the Vaults)
 37959 | Elf:1    | Entered Level 1 of the Elven Halls
 37992 | Elf:1    | Found Ruhoiwy's Book Shoppe.
 38082 | Elf:1    | Reached XP level 21. HP: 140/140 MP: 21/21
 38906 | Elf:2    | Found Giuxul's Jewellery Shoppe.
 38906 | Elf:2    | Found Muiq's Gadget Boutique.
 38909 | Elf:2    | Found Lityopod's Jewellery Shoppe.
 38975 | Elf:2    | Bought the amulet of the Four Winds {rN+ MR+++ Clar} for
                  | 790 gold pieces
 38975 | Elf:2    | Found the amulet of the Four Winds {rN+ MR+++ Clar}
 39101 | Elf:2    | Found a runed translucent gate.
 39101 | Elf:2    | Found a runed translucent gate.
 39102 | Elf:2    | Found a runed translucent gate.
 39817 | Elf:3    | Entered Level 3 of the Elven Halls
 40774 | Elf:3    | Identified the +1 spear "Ruleul Ceusa" {freeze, +Rage rF++
                  | Dex+4}
 40826 | Elf:3    | Identified the +7 glaive of Makhleb's Hope {freeze,
                  | *Corrode rC++ Str+10 Int+3}
 41089 | Elf:3    | Identified the cursed +1 quarterstaff of the Inferno
                  | {crush, Str+3}
 41089 | Elf:3    | Identified the ring of the Illusory Emperors {rF+ MR+
                  | Str+7}
 41151 | Elf:3    | Identified Ithupleq's Compendium of the Cankerous Entourage
 41357 | Elf:3    | Reached XP level 22. HP: 149/149 MP: 21/21
 41799 | Vaults:5 | Entered Level 5 of the Vaults
 42195 | Vaults:5 | Noticed an ancient lich
 42216 | Vaults:5 | HP: 3/151 [ancient lich/lance of force (28)]
 42216 | Vaults:5 | Killed from afar by a tentacled monstrosity

Levels and vault maps discovered:
D:1:      minmay_arrival_shattered_statue, layout_loops_ring
D:2:      layout_rooms, minmay_pentomino_pile
D:3:      layout_rooms, fedhas_ov_isle_minmay,
          chequers_temple_overflow_statue_of_worship, first_ration,
          serial_forest, infiniplex_forest_lined_corner,
          infiniplex_forest_corner_1, infiniplex_forest_clump_small,
          infiniplex_forest_end_1, infiniplex_forest_lined_room_3,
          infiniplex_forest_lined_2, infiniplex_forest_end_2,
          infiniplex_forest_zigzag_2, biasface_ghost_orc_armoury
D:4:      layout_cave_pools, lemuel_doored_altar, uniq_grinder,
          uniq_blork_the_orc
D:5:      layout_cave_pools
D:6:      layout_basic, minmay_temple_entry_glassed_door, bloody_makhleb
D:7:      layout_loops_ring, serial_shops, shop, enter_bailey_3, uniq_duvessa
D:8:      layout_loops_ring, cheibriados_altar_1, basic_altar
D:9:      layout_gridville, orc_0_dummy, grunt_ogre_cave
D:10:     lemuel_troll_bridge, layout_basic, erik_lair_orcish_takeover,
          gammafunk_ghost_necromancy
D:11:     cheibrodos_statue_roulette, layout_irregular_city, serial_bayou_pond_a
D:12:     layout_cave_pools, portal_ice_cave_entry_pillars_2
D:13:     layout_loops_cross
D:14:     layout_roguey, grunt_vaults_entry_tiered, basic_altar,
          serial_bayou_pond_e, uniq_roxanne
D:15:     grunt_enter_depths_giant_problem, layout_loops_ring,
          gauntlet_entry_generic
Temple:   regret_index_temple_sphere_string
Lair:1:   layout_roguey, chequers_serial_rivers_marsh, minmay_lair_oklob_items,
          beast_lair_carwin_11, serial_bayou_shore_a, uniq_fannar
Lair:2:   layout_cave_pods, elwin_shoals_entry_rooms, serial_bayou_pond_a,
          chequers_serial_rivers_micro_c, grunt_megastairs_4
Lair:3:   beast_lair_carwin_large_4, layout_gridlike, spider_nest_entry_rubble,
          hangedman_lair_generics_rect, infiniplex_staircase_pool_2
Lair:4:   layout_small_grid, beast_lair_carwin_5
Lair:5:   gammafunk_lair_enchanted_lake, layout_gridlike, roderic_batcave,
          minmay_hedge_maze, uniq_josephine, uniq_urug
Lair:6:   hangedman_lair_in_review, layout_regular_city,
          hangedman_lair_caniforms_friends, slime_altar_1, grunt_megastairs_1
Shoals:1: gammafunk_its_a_trap, layout_shoals
Shoals:2: cheibrodos_shoals_three_sisters, layout_shoals
Shoals:3: layout_shoals
Shoals:4: shoals_end_grunt_ice, layout_shoals
Spider:1: layout_spider_delve
Spider:2: layout_chambers
Spider:3: layout_chambers, drop_trap, nicolae_looking_at_the_future
Spider:4: guppyfry_spider_rune
Orc:1:    layout_caves, basic_altar, abandoned_shop, mines1_david
Orc:2:    st_orc_rangers, layout_caves, ebering_ghost_gozag, uniq_snorg
Elf:1:    layout_loops_cross, serial_shops, shop_coins, serial_sigils,
          serial_sigils_hangedman_gut, serial_sigils_hangedman_gut,
          serial_sigils_hangedman_gnaw, serial_sigils_hangedman_writhe,
          serial_sigils_hangedman_clutch, serial_sigils_hangedman_gut
Elf:2:    layout_rooms, minmay_shop_grove
Elf:3:    minmay_elf_hall_quartered_circle, layout_loops_corners
Vaults:1: v_alt_pattern_3, vaults_dpeg_ring, ontoclasm_vaults_misaligned,
          v_pattern_2, v_misc_15, vaults_room_fours, layout_vaults_chaotic_city
Vaults:2: blue_anna_dwarven_crypt, vaults_room_fancy_cross,
          dpeg_vaults_monster_box, grunt_vaults_focal,
          nicolae_vaults_yaktaur_gun_rack, vaults_room_stairs_pillars,
          layout_vaults_omnigrid, infiniplex_enter_wizlab_glasses, serial_shops,
          nicolae_shop_waterfront, uniq_margery
Vaults:3: v_misc_17, nicolae_vaults_network_barrier, v_pattern_4,
          v_alt_pattern_2, v_alt_pattern_1, vaults_dpeg_encased_lava, v_misc_4,
          nicolae_vaults_specimen_jars, ontoclasm_vaults_twist,
          ontoclasm_vaults_misaligned, ontoclasm_vaults_gallery,
          ontoclasm_vaults_ring_large, nicolae_vaults_mini_display_case,
          vaults_room_door_ring, layout_vaults_maze_snakey, serial_shops,
          freezing_bzr, shop_fountains, uniq_donald
Vaults:4: vaults_mumra_hex, v_misc_11, nicolae_vaults_little_squares_1,
          ontoclasm_vaults_decontamination,
          vaults_standard_mumra_enter_the_diamond, hangedman_vaults_trim,
          v_alt_pattern_2, ontoclasm_vaults_shuriken, nicolae_vaults_theta,
          layout_vaults_ring
Vaults:5: uniq_xtahua

Skill      XL: |  1  2  3  4  5  6  7  8  9 10 11 12 13 14 15 16 17 18 19 20 21 |
---------------+----------------------------------------------------------------+-----
Shields        | 4 5 6 8 9 10 11 12 13 14 15 16 17 18 19 | 19.9
Maces & Flails | 3 4 5 6 9 10 11 12 13 14 | 14.0
Armour         | 4 5 6 8 9 10 11 12 13 14 15 16 17 19 | 19.7
Dodging        | 1 2 3 5 6 7 0 |  0.0
Fighting       | 4 5 8 9 10 11 12 13 14 15 16 17 19 | 19.7
Throwing       | 4 5 6 7 9 10 11 12 13 14 | 14.1
Evocations     | 2 5 7 |  7.0

Action                   |  1- 3 |  4- 6 |  7- 9 | 10-12 | 13-15 | 16-18 | 19-21 | 22-24 || total
-------------------------+-------+-------+-------+-------+-------+-------+-------+-------++-------
Melee: Flail             |   126 |    76 |    36 |   838 |  1288 |       |       |       ||  2364
       Morningstar       |       |   239 |   495 |       |       |       |       |       ||   734
       Demon whip        |       |       |       |       |   558 |  1779 |  1887 |    94 ||  4318
Throw: Boomerang         |       |       |     8 |    31 |   194 |   428 |   199 |     6 ||   866
Invok: Sacrifice Love    |       |       |     1 |       |       |       |       |       ||     1
       Sacrifice Purity  |       |       |       |     1 |     1 |       |       |       ||     2
       Sacrifice Essence |       |       |       |     1 |     1 |       |       |       ||     2
       Sacrifice Arcana  |       |       |       |       |     1 |       |       |       ||     1
       Sacrifice Nimblen |       |       |       |       |     1 |       |       |       ||     1
       Power Leap        |       |       |       |       |     8 |     5 |     7 |       ||    20
       Sacrifice Stealth |       |       |       |       |     1 |       |       |       ||     1
       Apocalypse        |       |       |       |       |     1 |       |     1 |     1 ||     3
       Draw Out Power    |       |       |       |       |       |       |     1 |       ||     1
 Abil: Fly               |       |       |       |       |     1 |       |       |       ||     1
       Stop Flying       |       |       |       |       |       |       |     2 |       ||     2
Evoke: Wand              |       |       |     1 |     5 |       |       |       |       ||     6
  Use: Potion            |       |     1 |     1 |     1 |     3 |       |     5 |     2 ||    13
       Scroll            |       |       |    13 |     7 |    24 |    10 |     6 |     2 ||    62
 Stab: Distracted        |       |       |       |     2 |    11 |     9 |     5 |     1 ||    28
       Petrified         |       |       |       |       |     4 |       |       |       ||     4
       Invisible         |       |       |       |       |     6 |     8 |    12 |     2 ||    28
       Paralysed         |       |       |       |       |     1 |     2 |     4 |       ||     7
  Eat: Chunk             |       |     7 |     5 |    13 |    27 |    10 |    17 |       ||    79
       Ration            |       |       |     2 |     2 |     4 |     6 |     4 |     1 ||    19
Armor: Scale mail        |    76 |   177 |   163 |       |       |       |       |       ||   416
       Chain mail        |       |       |    86 |       |       |       |       |       ||    86
       Plate armour      |       |       |     3 |   141 |   152 |   737 |   405 |   119 ||  1557
       Quicksilver drago |       |       |       |   191 |   629 |       |       |       ||   820
Dodge: Dodged            |    37 |    77 |   119 |   158 |   333 |   191 |   120 |    26 ||  1061
Block: Shield            |    66 |       |       |       |       |       |       |       ||    66
       Large shield      |    31 |   331 |   481 |   699 |  1853 |  1679 |  1289 |   135 ||  6498
